 Dungeon Crawl Stone Soup version 0.31-a0-995-g04711c9635 (webtiles) character file.

Game seed: 5880957107280551092

81 Pixllover the Slasher (level 4, -2/33 (34) HPs)
             Began as a Barachi Reaver on Nov 6, 2023.
             Slain by a hound (8 damage)
             ... on level 4 of the Dungeon.
             The game lasted 00:04:14 (2549 turns).

Pixllover the Slasher (Barachi Reaver)              Turns: 2549, Time: 00:04:14

HP:   -2/33 (34)    AC:  4    Str: 21    XL:     4   Next: 40%
MP:   7/7           EV:  2    Int: 13    God:
Gold: 177           SH:  0    Dex: 11    Spells: 6/7 levels left

rFire   . . .        a - +0 falchion
rCold   . . .        k - +2 buckler
rNeg    . . .        b - +0 leather armour
rPois   .            (no helmet)
rElec   .            (no cloak)
rCorr   .            n - +0 pair of gloves
SInv    .            (no boots)
Will    .....        (no amulet)
Stlth   +            f - +6 ring of strength
HPRegen 0.25/turn    (no ring)
MPRegen 0.10/turn

%: no passive effects
@: confused, sleeping, lightly drained, slow
A: amphibious, slowness 1, strong legs 1, +LOS
a: Hop


You were on level 4 of the Dungeon.
You visited 1 branch of the dungeon, and saw 4 of its levels.

You collected 177 gold pieces.

Inventory:

Hand Weapons
 a - a +0 falchion (weapon)
Armour
 b - a +0 leather armour (worn)
 k - a +2 buckler (worn)
 n - a +0 pair of gloves (worn)
Jewellery
 f - a +6 ring of strength (left hand)
Wands
 m - a wand of light (13)
Scrolls
 c - 3 scrolls of identify {unknown}
 e - a scroll of teleportation {unknown}
 h - a scroll of enchant armour {unknown}
Potions
 d - 3 potions of curing {unknown}
 g - a potion of invisibility {unknown}
 i - 3 potions of haste {unknown}
 j - 2 potions of cancellation {unknown}
 l - a potion of attraction {unknown}


   Skills:
 + Level 2.6 Fighting
 + Level 4.4 Long Blades
 + Level 2.0 Armour
 + Level 2.8 Dodging
 + Level 0.2 Stealth
 + Level 0.3 Shields
 + Level 2.2 Spellcasting
 + Level 3.9 Conjurations


You had 6 spell levels left.
You knew the following spells:

 Your Spells              Type           Power      Damage    Failure   Level
a - Kiss of Death         Conj/Necr      24%        2d7       16%         1

Your spell library contained the following spells:

 Spells                   Type           Power      Damage    Failure   Level
 Momentum Strike          Conj/Tloc      12%        3d8       24%         2
 Hailstorm                Conj/Ice       6%         3d4       43%         3


Dungeon Overview and Level Annotations

Branches:
Dungeon (4/15)
 Temple: D:4-7

Altars:

Annotations:
D:2 Sigmund
D:4 Ijyb


Innate Abilities, Weirdness & Mutations

You are amphibious.
You cover ground slowly.
You can hop short distances.
You have an extended range of vision and can be seen from far away.


Message History

Ijyb hits you but does no damage.
You closely miss Ijyb. Ijyb hits you with a +0 club.
You hit Ijyb but do no damage.
An iguana comes into view.
You block Ijyb's attack. You block the orc's attack.
Ijyb hits you with a +0 club. The sleepcap closely misses you.
The iguana moves out of view.
You hit Ijyb.
Ijyb is lightly wounded.
The hound bites you but does no damage. Ijyb barely misses you.
The sleepcap misses you. The orc hits you with a +0 dagger.
You closely miss Ijyb.
Ijyb is lightly wounded.
The iguana hisses angrily.
The hound bites you. The hound bites you but does no damage.
Ijyb hits you with a +0 club. The orc hits you with a +0 dagger.
The sleepcap closely misses you.
A dart slug comes into view.
You barely miss Ijyb.
Ijyb is lightly wounded.
The hound closely misses you. Ijyb hits you with a +0 club.
The sleepcap barely misses you. The orc barely misses you.
The hound barely misses you.
The hound pauses to sniff the ground.
The hound bites you but does no damage. Ijyb hits you but does no damage.
The sleepcap attacks as it pursues you! The sleepcap releases spores at you.
The hound bites you but does no damage.
Ijyb zaps a wand.
Your will is overpowered!
You are confused.
The hound bites you.
* * * LOW HITPOINT WARNING * * *
Unknown command.
You're too confused to move!
The hound bites you.
* * * LOW HITPOINT WARNING * * *
The sleepcap releases spores at you.
* * * LOW HITPOINT WARNING * * *
You are engulfed in a cloud of soporific spores!
You fall asleep.
The hound bites you!
You die...

############
...........#
...........#
........<..#
.........@.# .#
........ofh#...+
.........Sgs...#
.......)....#..#
...............#
...........###....
.#####...#.#l#.#..
......#.#....
...#...w.....#


You could see a sleepcap, Ijyb, a scorpion, an iguana, a hound, an adder, a dart
slug and an orc.

Vanquished Creatures
  Terence (D:2)
  An adder (D:2)
  A dart slug (D:1)
  An orc (D:3)
  2 bats (D:1)
  5 endoplasms
  A giant cockroach (D:3)
  6 goblins
  2 hobgoblins
  2 jackals (D:3)
  4 kobolds
  6 ball pythons
  8 frilled lizards
  4 rats (D:1)
44 creatures vanquished.

Notes
Turn   | Place    | Note
-------+----------+-------------------------------------------
     0 | D:1      | Pixllover the Barachi Reaver began the quest for the Orb.
     0 | D:1      | Reached XP level 1. HP: 17/17 MP: 3/3
   265 | D:1      | Reached XP level 2. HP: 23/23 MP: 5/5
   281 | D:1      | Reached skill level 4 in Long Blades
  1058 | D:2      | Reached skill level 1 in Armour
  1058 | D:2      | Reached XP level 3. HP: 26/28 MP: 6/6
  1410 | D:2      | Noticed Terence
  1430 | D:2      | HP: 1/23 [Terence/+0 hand axe (4)]
  1431 | D:2      | Killed Terence
  1432 | D:2      | Reached XP level 4. HP: 2/32 MP: 7/7
  1657 | D:2      | Noticed Sigmund
  2536 | D:4      | Noticed Ijyb
  2538 | D:4      | Noticed a scorpion
  2549 | D:4      | Slain by a hound

Illustrated notes

Levels and vault maps discovered:
D:1:      saegor_arrival_simple_d, layout_basic
D:2:      layout_loops_ring, uniq_crazy_yiuf_cottage, uniq_terence, uniq_sigmund
D:3:      layout_basic
D:4:      layout_gridville, serial_shops, nicolae_shop_crystal,
          nicolae_shop_back_alley_shop, mainiacjoe_ossuary_entry_find_the_door,
          minmay_fractal_squares_5, uniq_ijyb

Skill      XL: |  1  2  3  4 |
---------------+-------------+-----
Long Blades    | 4 |  4.4
Armour         | 1 2 |  2.0
Fighting       | |  2.6
Dodging        | |  2.8
Stealth        | |  0.2
Shields        | |  0.3
Spellcasting   | |  2.2
Conjurations   | |  3.9

Action                     |  1- 3 |  4- 6 || total
---------------------------+-------+-------++-------
  Melee: Falchion          |   112 |    70 ||   182
   Cast: Kiss of Death     |     1 |       ||     1
Ability: Hop               |       |     1 ||     1
 Armour: Leather armour    |    66 |    55 ||   121
  Dodge: Dodged            |    72 |    53 ||   125
  Block: Buckler           |     7 |    23 ||    30

Table legend: (Time is in decaauts)
 A = Elapsed time spent in this place.
 B = Non-inter-level travel time spent in this place.
 C = Inter-level travel time spent in this place.
 D = Time resting spent in this place.
 E = Time spent auto-exploring this place.
 F = Levels seen in this place.
 G = Mean time per level.
                   A        B        C        D        E       F      G
               +--------+--------+--------+--------+--------+-----+--------+
         Total |   2929 |   2746 |    183 |    353 |   1657 |   4 |  732.2 |
       Dungeon |   2929 |   2746 |    183 |    353 |   1657 |   4 |  732.2 |
               +--------+--------+--------+--------+--------+-----+--------+

Top non-repeatable levels by time:
     D:1: 1242 daAuts
     D:3: 863 daAuts
     D:2: 808 daAuts
     D:4: 14 daAuts
